 Dungeon Crawl Stone Soup version 0.24-a0-183-g8902462 (console) character file.

Game seed: 17397444689662827497

82 Duffy the Insei (level 4, 0/28 HPs)
             Began as an Octopode Transmuter on Mar 15, 2019.
             Slain by an orc
             ... wielding a +0 trident
              (5 damage)
             ... on level 3 of the Dungeon.
             The game lasted 00:02:01 (1865 turns).

Duffy the Insei (Octopode Transmuter)               Turns: 1865, Time: 00:02:02

Health: 0/28       AC:  2    Str:  9    XL:     4   Next: 43%
Magic:  5/8        EV: 19    Int: 16    God:
Gold:   62         SH:  0    Dex: 17    Spells: 2/8 levels left

rFire    . . .     SeeInvis .     - Unarmed
rCold    . . .     Gourm    .   (shield currently unavailable)
rNeg     . . .     Faith    .   (helmet currently unavailable)
rPois    x         Spirit   .   (no amulet)
rElec    .         Reflect  .   (no ring)
rCorr    .         Harm     .   (no ring)
MR       .....                  (no ring)
Stlth    ++........             (no ring)
HPRegen  0.09/turn              (no ring)
MPRegen  0.11/turn              (no ring)
                                (no ring)
                                (no ring)

@: spider-form
A: tiny, almost no armour, stealthy swim, (amphibious), 8 rings, (constrict 8)
a: End Transformation


You were on level 3 of the Dungeon.
You were not hungry.
You were a venomous arachnid creature.
You visited 1 branch of the dungeon, and saw 3 of its levels.

You collected 62 gold pieces.

Inventory:

Missiles
 a - 12 arrows
Scrolls
 d - 3 scrolls of teleportation {unknown}
 e - a scroll of enchant weapon {unknown}
 h - a scroll of magic mapping {unknown}
 i - a scroll of identify {unknown}
 j - 3 scrolls of remove curse {unknown}
 k - a scroll of blinking {unknown}
Potions
 b - 5 potions of heal wounds {unknown}
 f - a potion of curing {unknown}
 g - a potion of degeneration {unknown}
 l - a potion of brilliance {unknown}
Comestibles
 c - 4 rations
 m - 3 chunks of flesh


   Skills:
 - Level 1.0 Fighting
 - Level 2.0 Dodging
 + Level 3.7 Unarmed Combat
 + Level 2.8 Spellcasting
 + Level 2.9 Transmutations
 + Level 1.3 Poison Magic


You had 2 spell levels left.
You knew the following spells:

 Your Spells              Type           Power        Failure   Level  Hunger
h - Spider Form           Tmut/Pois      #.........   45%         3    ###....
j - Sticks to Snakes      Tmut           ##......     22%         2    ##.....
k - Beastly Appendage     Tmut           ##....       16%         1    #......

Your spell library contained the following spells:

 Spells                   Type           Power        Failure   Level  Hunger
 Ice Form                 Ice/Tmut       #.......     87%         4    #####..
 Blade Hands              Tmut           ##........   94%         5    ######.


Dungeon Overview and Level Annotations

Branches:
Dungeon (3/15)

Altars:


Innate Abilities, Weirdness & Mutations

You cannot wear most types of armour.
You are very stealthy in the water. (Stealth+)
((You are amphibious.))
You can wear up to eight rings at the same time.
((You can use your tentacles to constrict eight enemies at once.))
((Your skin changes colour to match your surroundings (Stealth+).))
((Your rubbery body absorbs attacks. (AC +1, EV +1)))


Message History

The orc wizard casts a spell.
The orc wizard flickers and vanishes!
Deactivating autopickup; reactivate with Ctrl-A.
A magic dart appears from out of thin air!
The magic dart hits you!
Cast which spell? (? or * to list)
You turn into a venomous arachnid creature.
Unknown command.
You closely miss something. Something misses you.
You hit something but do no damage. You hit the orc.
The orc is poisoned.
The orc is severely wounded.
You hit the orc.
You kill the orc!
A magic dart appears from out of thin air!
The magic dart hits you. The orc closely misses you.
Something hits you but does no damage.
You barely miss something.
The orc hits you from afar with a +0 trident.
You die...

########
#...s{o#
#.####o#
#..%.#.#
####.#o#
#<##.#o#
#.##.#.#
#.##.#.#
#.##.#.#
#.##.#


You could see 2 orcs.

Vanquished Creatures
  2 adders (D:2)
  2 dart slugs (D:2)
  3 leopard geckos
  An orc (D:3)
  4 bats (D:1)
  A giant cockroach (D:2)
  7 goblins (D:1)
  10 hobgoblins
  10 kobolds
  A quokka (D:2)
  A ball python (D:2)
  4 frilled lizards
  7 rats
53 creatures vanquished.

Notes
Turn   | Place    | Note
-------+----------+-------------------------------------------
     0 | D:1      | Duffy the Octopode Transmuter began the quest for the Orb.
     0 | D:1      | Reached XP level 1. HP: 13/13 MP: 3/3
   114 | D:1      | Reached XP level 2. HP: 15/18 MP: 5/5
   183 | D:1      | Learned a level 2 spell: Sticks to Snakes
   592 | D:1      | Reached XP level 3. HP: 22/23 MP: 6/6
   597 | D:1      | Learned a level 3 spell: Spider Form
  1518 | D:2      | Reached skill level 1 in Poison Magic
  1518 | D:2      | Reached XP level 4. HP: 25/28 MP: 6/8
  1865 | D:3      | Slain by an orc

Levels and vault maps discovered:
D:1:      minmay_arrival_diagonal_passages, layout_basic, minmay_hexomino_p4
D:2:      layout_rooms
D:3:      layout_basic, first_ration

Skill      XL: |  1  2  3 |
---------------+----------+-----
Poison Magic   | 1 |  1.3
Fighting       | |  1.0
Dodging        | |  2.0
Unarmed Combat | |  3.7
Spellcasting   | |  2.8
Transmutations | |  2.9

Action                   |  1- 3 |  4- 6 || total
-------------------------+-------+-------++-------
Melee: Unarmed           |   108 |    20 ||   128
       Constrict         |    28 |     5 ||    33
       Tentacles         |    13 |     3 ||    16
       Punch             |     1 |       ||     1
 Cast: Spider Form       |       |     1 ||     1
 Stab: Sleeping          |     4 |     2 ||     6
       Distracted        |     1 |       ||     1
  Eat: Chunk             |     2 |     1 ||     3
Armor: Skin              |     6 |     2 ||     8
Dodge: Dodged            |    62 |     4 ||    66

Table legend:
 A = Non-vault XP
 B = Vault XP
 C = Vault XP percentage of total XP
 D = Non-vault monster count
 E = Vault monster count
 F = Vault count percentage of total count
                 A         B        C        D         E       F
            +---------+---------+-------+---------+---------+-------
      Total |     114 |       4 |   3.4 |      51 |       2 |   3.8
            +---------+---------+-------+---------+---------+-------
        D:1 |      46 |       4 |   8.0 |      28 |       2 |   6.7
        D:2 |      64 |       0 |   0.0 |      21 |       0 |   0.0
        D:3 |       4 |       0 |   0.0 |       2 |       0 |   0.0
            +---------+---------+-------+---------+---------+-------
